 Dungeon Crawl Stone Soup version 0.27-a0-1123-g2f9bb313c0 (webtiles) character file.

Game seed: 10756901339928449259

53 Azzok the Ruffian (level 3, -1/36 HPs)
             Began as a Troll Fighter on May 3, 2021.
             Slain by Sigmund
             ... wielding a +0 scythe
              (3 damage)
             ... on level 2 of the Dungeon.
             The game lasted 00:01:23 (1128 turns).

Azzok the Ruffian (Troll Fighter)                   Turns: 1128, Time: 00:01:24

Health: -1/36      AC:  4    Str: 25    XL:     3   Next: 64%
Magic:  2/2        EV:  8    Int:  4    God:
Gold:   41         SH:  9    Dex:  9    Spells: 2/2 levels left

rFire    . . .     SeeInvis .     - Unarmed
rCold    . . .     Faith    .   b - +0 kite shield
rNeg     . . .     Spirit   .   a - +0 robe
rPois    .         Reflect  .   (helmet restricted)
rElec    .         Harm     .   (no cloak)
rCorr    .         Rampage  .   (gloves unavailable)
Will     .....                  (boots unavailable)
Stlth    +.........             (no amulet)
HPRegen  1.12/turn              (no ring)
MPRegen  0.08/turn              (no ring)

@: no status effects
A: large, unfitting armour, claws 3, regeneration 1, shaggy fur 1, tough skin 1
a: no special abilities


You were on level 2 of the Dungeon.
You visited 1 branch of the dungeon, and saw 2 of its levels.

You collected 41 gold pieces.

Inventory:

Armour
 a - a +0 robe (worn)
 b - a +0 kite shield (worn)
Scrolls
 d - a scroll of teleportation {unknown}
 e - 2 scrolls of identify {unknown}
 g - a scroll of vulnerability {unknown}
 j - a scroll of immolation {unknown}
Potions
 c - a potion of might
 f - a potion of lignification {unknown}
 h - 2 potions of invisibility {unknown}
 i - a potion of ambrosia {unknown}
 k - a potion of heal wounds {unknown}


   Skills:
 - Level 2.4 Fighting
 - Level 2.4 Dodging
 + Level 2.9 Shields
 * Level 3.5 Unarmed Combat


You had 2 spell levels left.
You didn't know any spells.
Your spell library was empty.

Dungeon Overview and Level Annotations

Branches:
Dungeon (2/15)

Altars:

Annotations:
D:2 Sigmund


Innate Abilities, Weirdness & Mutations

You are too large for most types of armour.
You have claws for hands.
Your natural rate of healing is unusually fast.
You are covered in fur. (AC +1)
You have tough skin. (AC +1)


Message History

You scratch the rat.
You kill the rat!
You see here a rat corpse.
Found a mace.
i - a fuming blue potion A rat comes into view.
A rat is nearby!
You claw the rat!
You kill the rat!
You see here a rat corpse.
j - a scroll labelled MOJEAR NAMPEU
There is a shaft here.
Found 20 stones.
k - a golden potion You see here 20 stones.
Sigmund the Dreaded comes into view.
He is wielding a +0 scythe.
Sigmund shouts!
Sigmund is nearby!
Sigmund is nearby!
You start waiting.
Sigmund is nearby!
Sigmund casts a spell at you.
You are confused.
You bump into the rock wall.
Sigmund hits you from afar with a +0 scythe!
Sigmund hits you with a +0 scythe!
You're too confused to move!
Sigmund barely misses you.
You bump into the rock wall.
Sigmund hits you with a +0 scythe!
* * * LOW HITPOINT WARNING * * *
You claw Sigmund!
Sigmund is moderately wounded.
Sigmund hits you with a +0 scythe.
* * * LOW HITPOINT WARNING * * *
You bump into the rock wall.
Sigmund hits you with a +0 scythe!
* * * LOW HITPOINT WARNING * * *
You're too confused to move!
You feel less confused.
Sigmund flickers, as though insubstantial.
Sigmund hits you with a +0 scythe.
You die...

▒··▒ ▒··▒
▒··▒ ▒··▒
▒··▒ ▒··▒
▒··▒
▒▒▒▒▒▒▒@▒▒
▒·····@·▒
▒·▒▒▒▒▒·▒
▒·▒ ▒·▒
▒·▒ ▒·▒
▒·▒ ▒·▒
▒·▒ ▒·▒
▒·▒ ▒·· ▒
▒·▒ ▒▒▒ ·▒
▒·▒


You could see Sigmund.

Vanquished Creatures
  2 dart slugs (D:1)
  2 ball pythons (D:1)
  5 endoplasms (D:1)
  2 giant cockroaches (D:1)
  4 goblins (D:1)
  3 hobgoblins
  8 jackals
  5 kobolds (D:1)
  3 quokkas (D:1)
  3 bats (D:1)
  A frilled lizard (D:1)
  3 rats
41 creatures vanquished.

Notes
Turn   | Place    | Note
-------+----------+-------------------------------------------
     0 | D:1      | Azzok the Troll Fighter began the quest for the Orb.
     0 | D:1      | Reached XP level 1. HP: 22/22 MP: 0/0
    40 | D:1      | Reached XP level 2. HP: 29/29 MP: 1/1
   281 | D:1      | Reached skill level 3 in Unarmed Combat
   395 | D:1      | Reached XP level 3. HP: 36/36 MP: 2/2
   836 | D:1      | Found a faded altar of an unknown god.
  1105 | D:2      | Noticed Sigmund
  1127 | D:2      | HP: 1/36 [Sigmund/+0 scythe (7)]
  1128 | D:2      | Slain by Sigmund

Illustrated notes

Levels and vault maps discovered:
D:1:      minmay_arrival_plants_in_alcoves, layout_loops_corners,
          ebering_ecumenical_altar_webs
D:2:      layout_loops_ring, corexii_leaking_fountain,
          amcnicky_mini_rare_corridor_liquid, fountainhead,
          minmay_misc_feat_alley, uniq_sigmund, uniq_jessica

Skill      XL: |  1  2 |
---------------+-------+-----
Unarmed Combat | 3 |  3.5
Fighting       | |  2.4
Dodging        | |  2.4
Shields        | |  2.9

Action                   || total
-------------------------++-------
Melee: Unarmed           ||   120
 Stab: Sleeping          ||     1
Armor: Robe              ||    33
Dodge: Dodged            ||    37
Block: Kite shield       ||    59

Table legend: (Time is in decaauts)
 A = Elapsed time spent in this place.
 B = Non-inter-level travel time spent in this place.
 C = Inter-level travel time spent in this place.
 D = Time resting spent in this place.
 E = Time spent auto-exploring this place.
 F = Levels seen in this place.
 G = Mean time per level.
                   A        B        C        D        E       F      G
               +--------+--------+--------+--------+--------+-----+--------+
         Total |   1147 |   1133 |     14 |      6 |    786 |   2 |  573.5 |
       Dungeon |   1147 |   1133 |     14 |      6 |    786 |   2 |  573.5 |
               +--------+--------+--------+--------+--------+-----+--------+

Top non-repeatable levels by time:
     D:1: 916 daAuts
     D:2: 231 daAuts
